 Dungeon Crawl Stone Soup version 0.31-a0-986-g5e6e4ef867 (webtiles) character file.

Game seed: 11472401206382229616

6923 GloriousHammer the Slicer (level 11, -2/64 HPs)
             Began as a Kobold Enchanter on Nov 6, 2023.
             Was an Elder of Dithmenos.
             Slain by a red devil
             ... wielding a +0 trident
              (19 damage)
             ... on level 8 of the Dungeon on Nov 7, 2023.
             The game lasted 00:30:45 (11104 turns).

GloriousHammer the Slicer (Kobold Enchanter)       Turns: 11104, Time: 00:30:45

Health: -2/64      AC:  6    Str:  5    XL:     11   Next: 27%
Magic:  15/17      EV: 18    Int: 23    God:    Dithmenos [****..]
Gold:   605        SH:  6    Dex: 20    Spells: 7/18 levels left

rFire   + . .        a - +4 dagger (venom)
rCold   + . .        P - +0 buckler
rNeg    . . .        E - +2 robe {rC+ rF+}
rPois   .            o - +0 helmet
rElec   .            U - +0 cloak
rCorr   .            (no gloves)
SInv    .            (no boots)
Will    .....        (no amulet)
Stlth   ++++++++     e - +6 ring of intelligence
HPRegen 0.30/turn    (no ring)
MPRegen 0.15/turn

%: no passive effects
@: confusing by touch, about to teleport, spiked, wreathed by umbra
A: small, no large weapons, nightstalker 3
a: Renounce Religion, Shadow Step


You were on level 8 of the Dungeon.
You worshipped Dithmenos.
Dithmenos was greatly pleased with you.
You visited 2 branches of the dungeon, and saw 10 of its levels.

You collected 605 gold pieces.

Inventory:

Hand Weapons
 a - a +4 dagger of venom (weapon)
 b - a +1 sling of electrocution
 O - a +2 rapier of venom
 S - a +5 short sword of freezing
 V - a +3 dagger of distortion
 W - a +0 short sword of holy wrath
Missiles
 y - 15 boomerangs
 F - 5 atropa-tipped darts
 Q - 11 poisoned darts
 R - a curare-tipped dart
 X - 2 throwing nets
Armour
 o - a +0 helmet (worn)
 E - a +2 robe of resistance (worn)
 M - +0 steam dragon scales
 P - a +0 buckler (worn)
 U - a +0 cloak (worn)
Jewellery
 e - a +6 ring of intelligence (left hand)
 G - a +6 ring of intelligence
 T - an amulet of faith
Wands
 h - a wand of paralysis (6)
 m - a wand of roots (8)
 w - a wand of flame (27)
 z - a wand of polymorph (12)
 H - a wand of digging (8)
 K - a wand of mindburst (11)
Scrolls
 f - 3 scrolls of teleportation
 k - a scroll of fear
 n - 2 scrolls of revelation
 p - 3 scrolls of blinking
 q - a scroll of amnesia {unknown}
 r - a scroll of summoning {unknown}
 t - a scroll of vulnerability {unknown}
 u - 2 scrolls of noise
 A - a scroll of enchant armour {unknown}
 D - 4 scrolls of immolation {unknown}
 I - a scroll of identify
 J - a scroll of poison {unknown}
 L - a scroll of silence {unknown}
 N - a scroll of torment {unknown}
Potions
 c - 2 potions of invisibility
 d - 6 potions of curing
 g - a potion of lignification {unknown}
 i - a potion of heal wounds
 j - 2 potions of attraction {unknown}
 l - a potion of resistance {unknown}
 s - 3 potions of mutation {unknown}
 v - 2 potions of might {unknown}
 x - 2 potions of degeneration {unknown}
 B - 2 potions of haste {unknown}
 C - 3 potions of brilliance {unknown}


   Skills:
 + Level 6.2 Fighting
 - Level 10.0 Short Blades
 + Level 7.1 Dodging
 - Level 9.0 Stealth
 - Level 6.0 Shields
 - Level 4.0 Spellcasting
 - Level 3.0 Conjurations
 - Level 6.0 Hexes
 - Level 3.0 Transmutations
 - Level 3.0 Earth Magic


You had 7 spell levels left.
You knew the following spells:

 Your Spells              Type           Power      Damage    Failure   Level
a - Confusing Touch       Hex            32%        N/A       4%          3
b - Tukima's Dance        Hex            32%        N/A       4%          3
c - Dazzling Flash        Conj/Hex       50%        N/A       8%          3
d - Passwall              Tmut/Erth      15%        N/A       8%          2

Your spell library contained the following spells:

 Spells                   Type           Power      Damage    Failure   Level
 Jinxbite                 Hex            64%        N/A       2%          2
 Ensorcelled Hibernation  Hex/Ice        36%        N/A       8%          2
 Cigotuvi's Dreadful Rot  Necr/Pois/Air  8%         N/A       26%         2
 Hailstorm                Conj/Ice       11%        3d5       26%         3
 Ignite Poison            Fire/Tmut/Pois 9%         N/A       32%         3
 Anguish                  Hex/Necr       9%         N/A       43%         4
 Swiftness                Air            4%         N/A       45%         3
 Silence                  Hex/Air        9%         N/A       80%         5
 Passage of Golubria      Tloc           4%         N/A       86%         4
 Summon Ice Beast         Ice/Summ       4%         N/A       86%         4
 Freezing Cloud           Conj/Ice/Air   4%         6-21      97%         5
 Simulacrum               Ice/Necr       2%         N/A       100%        6
 Lehudib's Crystal Spear  Conj/Erth      9%         10d4      100%        8


Dungeon Overview and Level Annotations

Branches:
Dungeon (9/15)             Temple (1/1) D:4            Lair (0/5) D:8
    Orc: D:9-12

Altars:
Ashenzari
Cheibriados
Dithmenos
Elyvilon
Fedhas
Gozag
Kikubaaqudgha
Makhleb
Nemelex Xobeh
Okawaru
Ru
Sif Muna
Trog
Uskayaw
Vehumet
Wu Jian
Xom
Yredelemnul
Zin
The Shining One

Shops:
D:3 [   D:6 =

Annotations:
D:4 exclusion: downstairs
D:7 2 transporters, exclusion: downstairs, croobank's ghost, novice OpMo
Temple 2 transporters


Innate Abilities, Weirdness & Mutations

You are small and have problems with some larger weapons.
You are completely attuned to the shadows.


Message History

Your shadow hits the orc warrior but does no damage.
You hit the orc warrior.
The orc warrior looks as sick as possible!
The orc warrior is severely wounded.
The white imp gestures at you. The puff of frost misses you.
The puff of frost hits the orc warrior!
The orc warrior dies!
The white imp gestures at you. The puff of frost misses you.
You hit the white imp but do no damage. The white imp misses you.
You hit the white imp.
The white imp is moderately wounded.
You hit the white imp.
The white imp is heavily wounded.
The white imp gestures at you. The puff of frost hits you. You resist.
You hit the white imp.
You kill the white imp!
Dithmenos accepts your kill.
You start resting.
Magic restored.
You start resting.
HP restored. 2 red devils come into view.
The red devil throws a boomerang.
The boomerang hits you.
Casting: Confusing Touch (dangerous; 4% risk of failure)
Confirm with . or Enter, or press ? or * to list all spells.
Your hands begin to glow red.
The red devil barely misses you.
You closely miss the red devil. The red devil misses you.
You hit the red devil but do no damage.
The red devil appears confused.
You catch the helpless red devil completely off-guard!
You spit the red devil like a pig!!!
You kill the red devil!
Dithmenos accepts your kill.
Your Fighting skill increases to level 6!
Your Dodging skill increases to level 7!
Unknown command.
You start resting.
Magic restored.
You now have 605 gold pieces (gained 29).
Things that are here:
a +0 trident; a +0 ring mail You see here a +0 spear.
Found a ring mail.
The red devil hits you from afar with a +0 trident.
Barbed spikes become lodged in your body.
The red devil completely misses you.
You hit the red devil.
The red devil is lightly wounded.
The red devil barely misses you. You block the red devil's attack.
Okay, then.
Casting: Confusing Touch (dangerous; 4% risk of failure)
Confirm with . or Enter, or press ? or * to list all spells.
Your hands begin to glow red.
The red devil closely misses you. The red devil misses you.
You hit the red devil but do no damage.
The red devil is lightly wounded.
You hit the red devil but do no damage.
The red devil is lightly wounded.
You block the red devil's attack. The red devil barely misses you.
The red devil blocks your attack.
The red devil is lightly wounded.
You hit the red devil but do no damage.
The red devil is lightly wounded.
The red devil hits you from afar with a +0 trident!
Barbed spikes become lodged in your body.
The red devil hits you with a +0 trident!
Barbed spikes become lodged in your body.
You hit the red devil but do no damage.
The red devil is lightly wounded.
You miss the red devil.
The red devil is lightly wounded.
The red devil hits you from afar with a +0 trident!
Barbed spikes become lodged in your body.
The red devil closely misses you.
You closely miss the red devil.
The red devil is lightly wounded.
The red devil hits you from afar with a +0 trident!
* * * LOW HITPOINT WARNING * * *
Barbed spikes become lodged in your body.
The red devil hits you with a +0 trident!
* * * LOW HITPOINT WARNING * * *
Barbed spikes become lodged in your body.
You feel much better.
The red devil hits you from afar with a +0 trident!
* * * LOW HITPOINT WARNING * * *
Barbed spikes become lodged in your body.
The red devil hits you with a +0 trident.
* * * LOW HITPOINT WARNING * * *
Barbed spikes become lodged in your body.
Okay, then.
You feel much better.
The red devil hits you from afar with a +0 trident!
* * * LOW HITPOINT WARNING * * *
Barbed spikes become lodged in your body.
The red devil barely misses you.
As you read the scroll of teleportation, it crumbles to dust.
You feel strangely unstable. The red devil closely misses you.
The red devil hits you with a +0 trident!!
You die...

..... ..... .....
>.... ...... '####
#.. # #.§≈.[ .# ..≈
#.#..§.# .# #..
##.##...# .#
#.###.44###.# .#
#.......@...# .#
###)###...###.#
.######.....##.##...#
.....##...§..#.#..≈.#
.)...##..§≈≈.#.#.≈≈.#
.....##......)..)...#
.....##.....##.######
.....##........#
.....''.....####


You could see 2 red devils.

Vanquished Creatures
  A two-headed ogre (D:8)
  Maurice (D:8)
  Joseph (D:7)
  Maggie (D:7)
  3 unseen horror zombies (D:8)
  Psyche (D:8)
  A komodo dragon (D:8)
  A red devil (D:8)
  Grinder (D:4)
  Eustachio (D:5)
  A basilisk (D:8)
  A steam dragon (D:6)
  Edmund (D:5)
  A water moccasin (D:5)
  2 ice beasts (D:6)
  An orc warrior (D:8)
  2 sky beasts
  A centaur (D:6)
  2 ogres
  A kobold brigand (D:7)
  A bullfrog (D:6)
  3 gnoll sergeants
  A necrophage (D:8)
  3 scorpions
  7 wights
  A killer bee (D:6)
  2 howler monkeys
  3 centaur zombies (D:8)
  Crazy Yiuf (D:4)
  10 hounds
  3 jellies
  2 gnoll boudas (D:5)
  2 orc priests
  A human zombie (D:8)
  7 iguanas
  An orc wizard (D:7)
  2 howler monkey zombies (D:8)
  Robin (D:4)
  16 gnolls
  5 adders
  A white imp (D:8)
  6 ufetubi
  4 worms
  3 dart slugs
  16 orcs
  8 ball pythons
  8 endoplasms
  3 giant cockroaches
  16 goblins
  9 hobgoblins
  4 jackals
  A quokka (D:2)
  3 bats
  6 frilled lizards
  18 kobolds
  2 rats
205 creatures vanquished.

Vanquished Creatures (collateral kills)
  An orc (D:5)
1 creature vanquished.

Vanquished Creatures (others)
  A dancing weapon (D:5)
  An orc warrior (D:8)
2 creatures vanquished.

Grand Total: 208 creatures vanquished

Notes
Turn   | Place    | Note
-------+----------+-------------------------------------------
     0 | D:1      | GloriousHammer the Kobold Enchanter began the quest for the
                  | Orb.
     0 | D:1      | Reached XP level 1. HP: 10/10 MP: 3/3
   128 | D:1      | Reached XP level 2. HP: 15/15 MP: 5/5
   901 | D:1      | Reached skill level 2 in Short Blades
   975 | D:1      | Reached XP level 3. HP: 18/19 MP: 6/6
  1080 | D:1      | Learned a level 3 spell: Confusing Touch
  1084 | D:1      | Learned a level 3 spell: Tukima's Dance
  1468 | D:2      | Identified the +8 whip of Ryfynu {pain, rElec Int-4 Stlth+}
  1480 | D:2      | Reached skill level 5 in Stealth
  1587 | D:2      | You fall into a shaft and drop 2 floors!
  1598 | D:4      | Found a staircase to the Ecumenical Temple.
  1608 | Temple   | Found a transporter.
  1608 | Temple   | Found a transporter.
  1608 | Temple   | Found a transporter.
  1608 | Temple   | Found a transporter.
  1608 | Temple   | Entered the Ecumenical Temple
  1626 | Temple   | Became a worshipper of Dithmenos the Shadowed
  1661 | D:4      | Noticed a scorpion
  1665 | D:4      | Killed a scorpion
  1666 | D:4      | Reached XP level 4. HP: 20/24 MP: 6/8
  1678 | D:4      | Reached skill level 3 in Short Blades
  1678 | D:4      | Reached XP level 5. HP: 27/28 MP: 7/9
  2060 | D:2      | Found a glowing golden altar of the Shining One.
  2623 | D:3      | Reached * piety under Dithmenos
  2725 | D:3      | Found Qiggis's Antique Armour Shoppe.
  3033 | D:3      | Reached XP level 6. HP: 32/32 MP: 10/10
  3388 | D:4      | Noticed Robin
  3397 | D:4      | Killed Robin
  3695 | D:4      | Noticed Grinder
  3841 | D:4      | Found a runed translucent door.
  3844 | D:4      | Noticed Crazy Yiuf
  3849 | D:4      | Killed Crazy Yiuf
  4116 | D:4      | Learned a level 3 spell: Dazzling Flash
  4119 | D:4      | Learned a level 2 spell: Passwall
  4157 | D:5      | Entered Level 5 of the Dungeon
  4325 | D:5      | Noticed a water moccasin
  4331 | D:5      | Killed a water moccasin
  4332 | D:5      | Reached XP level 7. HP: 36/36 MP: 12/12
  4348 | D:5      | Reached skill level 4 in Short Blades
  4355 | D:5      | Noticed Eustachio
  4371 | D:4      | Reached ** piety under Dithmenos
  4698 | D:5      | Noticed Edmund
  4785 | D:5      | Reached skill level 1 in Conjurations
  4790 | D:5      | Reached skill level 1 in Transmutations
  4863 | D:5      | Reached skill level 1 in Earth Magic
  5078 | D:5      | Reached XP level 8. HP: 41/41 MP: 12/14
  5542 | D:6      | Reached skill level 5 in Short Blades
  5889 | D:6      | Reached skill level 5 in Hexes
  6259 | D:6      | Found Ror Fofo's Jewellery Boutique.
  6268 | D:6      | Reached skill level 6 in Short Blades
  6294 | D:6      | Reached XP level 9. HP: 45/45 MP: 15/15
  6412 | D:6      | Reached skill level 7 in Short Blades
  6446 | D:6      | Reached skill level 8 in Short Blades
  6641 | D:6      | Reached skill level 9 in Short Blades
  7069 | D:7      | Reached *** piety under Dithmenos
  7296 | D:7      | Found a transporter.
  7298 | D:7      | Noticed croobank's ghost (novice OpMo)
  7299 | D:7      | Noticed a moth of wrath
  7327 | D:7      | Found a transporter.
  7327 | D:7      | Noticed a manticore
  7483 | D:7      | Reached skill level 1 in Fighting
  7483 | D:7      | Reached skill level 1 in Shields
  7590 | D:7      | Noticed Maggie
  7594 | D:7      | Killed Maggie
  7673 | D:7      | Noticed Joseph
  7682 | D:7      | Killed Joseph
  7683 | D:7      | Reached skill level 10 in Short Blades
  7683 | D:7      | Reached XP level 10. HP: 53/53 MP: 13/16
  7710 | D:7      | Identified the beast talisman "Musufith" {rCorr Str+3 Int-2
                  | Slay+2}
  8178 | D:4      | Killed Grinder
  8387 | D:5      | Killed Edmund
  8579 | D:5      | Killed Eustachio
  9219 | D:8      | Noticed Maurice
  9495 | D:8      | Maurice stole an amulet of faith
  9497 | D:8      | Killed Maurice
  9497 | D:8      | Reached **** piety under Dithmenos
  9498 | D:8      | Reached skill level 5 in Dodging
  9770 | D:8      | Noticed a komodo dragon
  9882 | D:8      | Noticed Psyche
  9907 | D:8      | Killed Psyche
 10235 | D:8      | Found a basalt altar of Yredelemnul.
 10290 | D:8      | Reached skill level 5 in Shields
 10392 | D:8      | Reached XP level 11. HP: 62/62 MP: 17/17
 10589 | D:8      | Reached skill level 5 in Fighting
 10685 | D:8      | Noticed a two-headed ogre
 10686 | D:8      | Found a staircase to the Lair.
 10697 | D:8      | Killed a two-headed ogre
 11104 | D:8      | Slain by a red devil

Illustrated notes

Levels and vault maps discovered:
D:1:      dpeg_arrival_long_road, layout_loops_corners, corexii_corridor_pit
D:2:      layout_basic, basic_altar
D:3:      layout_basic, serial_shops, nicolae_shop_tiny_statue_garden,
          kennysheep_generic_room_2
D:4:      layout_loops_ring, minmay_temple_entry_wispy, uniq_grinder,
          uniq_robin, uniq_crazy_yiuf_cottage
D:5:      layout_cave_pools, serial_gnoll_camp, gnoll_camp_medium_01,
          gnoll_camp_mini_house, gnoll_camp_mini_hut, gnoll_camp_mini_hut,
          gnoll_camp_mini_hut, st_stairs_8, uniq_eustachio, uniq_edmund
D:6:      layout_loops_ring, serial_shops, shop, minmay_misc_feat_rugged,
          minmay_pentangle
D:7:      layout_loops_cross, gammafunk_ghost_berserking_beasts, uniq_joseph,
          uniq_maggie
D:8:      layout_basic, worldfamousw_hep_ancestral_shrine,
          lemuel_mausoleum_altar_yredelemnul, david_lair_shrubbed,
          minmay_statues_item, einodemon_armed_red_devil_minivault, uniq_psyche,
          uniq_grum, uniq_maurice
D:9:      layout_irregular_city, serial_ice, serial_ice_o, serial_ice_k,
          serial_ice_b, serial_ice_a, chequers_serial_rivers_room_b
Temple:   hellmonk_temple_divided_pantheon

Skill      XL: |  1  2  3  4  5  6  7  8  9 10 11 |
---------------+----------------------------------+-----
Short Blades   | 2 3 4 6 10 | 10.0
Stealth        | 5 6 7 8 9 |  9.0
Spellcasting   | 3 4 |  4.0
Hexes          | 4 5 6 |  6.0
Conjurations   | 1 2 3 |  3.0
Transmutations | 1 3 |  3.0
Earth Magic    | 1 3 |  3.0
Fighting       | 2 4 6 |  6.2
Shields        | 2 5 6 |  6.0
Dodging        | 3 6 7 |  7.1

Action                     |  1- 3 |  4- 6 |  7- 9 | 10-12 || total
---------------------------+-------+-------+-------+-------++-------
  Melee: Dagger            |    80 |   109 |   163 |   202 ||   554
         Punch             |       |     2 |     2 |       ||     4
         Short sword       |       |       |       |    23 ||    23
   Cast: Confusing Touch   |       |       |    14 |    12 ||    26
         Tukima's Dance    |       |       |     3 |       ||     3
         Dazzling Flash    |       |       |     1 |       ||     1
         Passwall          |       |       |       |     1 ||     1
  Evoke: Wand              |       |       |     1 |    15 ||    16
    Use: Potion            |     1 |       |     1 |     2 ||     4
         Scroll            |       |       |     6 |     4 ||    10
   Stab: Sleeping          |    13 |    34 |    32 |    22 ||   101
         Invisible         |     1 |       |       |       ||     1
         Distracted        |       |     1 |     1 |       ||     2
         Confused          |       |       |    10 |     6 ||    16
 Armour: Robe              |    24 |    21 |    83 |    54 ||   182
         Steam dragon scal |       |       |     1 |    24 ||    25
  Dodge: Dodged            |    61 |    40 |   185 |   129 ||   415
  Block: Buckler           |       |       |       |    30 ||    30

Table legend: (Time is in decaauts)
 A = Elapsed time spent in this place.
 B = Non-inter-level travel time spent in this place.
 C = Inter-level travel time spent in this place.
 D = Time resting spent in this place.
 E = Time spent auto-exploring this place.
 F = Levels seen in this place.
 G = Mean time per level.
                   A        B        C        D        E       F      G
               +--------+--------+--------+--------+--------+-----+--------+
         Total |  10939 |  10273 |    666 |   2930 |   5321 |  10 | 1093.9 |
       Dungeon |  10903 |  10237 |    666 |   2930 |   5321 |   9 | 1211.4 |
        Temple |     36 |     36 |      0 |      0 |      0 |   1 |   36.0 |
               +--------+--------+--------+--------+--------+-----+--------+

Top non-repeatable levels by time:
     D:7: 1790 daAuts
     D:8: 1633 daAuts
     D:4: 1529 daAuts
     D:6: 1456 daAuts
     D:5: 1387 daAuts
     D:2: 1177 daAuts
     D:1: 1110 daAuts
     D:3: 815 daAuts
  Temple: 36 daAuts
     D:9: 1 daAuts
